Unix NetHack Version 5.0.0-0 post-release - last build May  4 2026 22:22:43 (774f63e81ad911689b3a0859ea89b322d5daca8d,branch:main).

Game began 2026-05-05 17:36:16, ended 2026-05-05 19:21:28.

182320070181818, lawful female dwarven Valkyrie

       ---- --             ------------
     ---..--.---           |..|......@-
    --.........|           |.....----Z.|
    |..........|           --..---  --.-
    --.........|     --------.--      e.
     |........--     |..||....|       -..
     |...--...|   ----..-|.----        P..
    --...| ----  --......|.|            ...
   --...--     --|......--.| ----       ....
   |...-|      |.--........|--..|       .G...
 ---....|      |.........----...--       .%....
 |......----  --.................--      ...G...
 |.........----.........|...<.....|      --......
 --.....--..........-------.|*....|        ....|.-
  -............|...--     --|.....-----     .|.|--
 |.....---..----...----     |......--.---   -- |
 |..---- |....|.......|     -----.......--
 ----    ---..........----      ---..*...----
           --............|        --.--.....|
            |..--.------.|         -------.--
            -------    ---               ---
182320070181818 the Skirmisher  St:17 Dx:13 Co:20 In:9 Wi:9 Ch:7  Lawful
Dlvl:5  $:68 HP:0(38) Pw:5(5) AC:10 Xp:3 T:2460 

Latest messages:
 You swap places with the peaceful gnome.
 You hear some noises in the distance.
 You swap places with the peaceful gnome.
 You hear some noises in the distance.
 You swap places with the peaceful gnome.
 You miss the sewer rat.
 The sewer rat bites!
 You hit the sewer rat.
 The sewer rat bites!
 You kill the sewer rat!
 You see here a sewer rat corpse.
 H - a sewer rat corpse.
 You hear some noises in the distance.
 You hear some noises in the distance.
 You miss the sewer rat.
 The sewer rat bites!
 You miss the sewer rat.
 The sewer rat bites!
 You miss the sewer rat.
 The sewer rat bites!
 You kill the sewer rat!
 There is nothing here to pick up.
 The elf zombie hits!
 The elf zombie hits!
 You hit the elf zombie.
 The elf zombie hits!
 You hit the elf zombie.
 You miss the elf zombie.
 The elf zombie hits!
 You miss the elf zombie.
 The elf zombie hits!
 You hit the elf zombie.
 You miss the elf zombie.
 You miss the elf zombie.
 The elf zombie hits!
 You hit the elf zombie.
 The elf zombie hits!
 You hit the elf zombie.
 There is nothing here to pick up.
 You hit the elf zombie.
 The elf zombie hits!
 You miss the elf zombie.
 You miss the elf zombie.
 The elf zombie hits!
 You die...
 Do you want your possessions identified? [ynq] (y) y
 Do you want to see your attributes? [ynq] (y) y
 Do you want an account of creatures vanquished? [ynaq] (y) y
 Do you want to see your conduct and achievements? [ynq] (y) y
 Do you want to see the dungeon overview? [ynq] (y) y

Inventory:
 Coins    ('$')
  $ - 68 gold pieces
 Comestibles  ('%')
  H - an uncursed sewer rat corpse
 Tools    ('(')
  F - an uncursed lock pick
 Gems/Stones  ('*')
  E - an uncursed worthless piece of red glass
  G - an uncursed worthless piece of violet glass
  D - 2 uncursed rocks

182320070181818 the Valkyrie's attributes:

Background:
 You were a Skirmisher, a level 3 dwarven Valkyrie.
 You were lawful, nominally on a mission for Tyr
 who was opposed by Odin (neutral) and Loki (chaotic).
 You were right-handed.
 You were in the Gnomish Mines, on level 5.
 You entered the dungeon 2460 turns ago.
 You had 68 experience points, 12 more were needed to attain level 4.

Basics:
 You had 0 out of 38 hit points.
 You had all 5 energy points (spell power).
 Your armor class was 10.
 Your wallet contained 68 zorkmids.
 Autopickup was off.

Final Characteristics:
 Your strength was 17 (limit:18/100).
 Your dexterity was 13 (limit:20).
 Your constitution was 20 (limit:20).
 Your intelligence was 9 (limit:16).
 Your wisdom was 9 (limit:16).
 Your charisma was 7 (limit:16).

Final Status:
 You weren't hungry.
 You were unencumbered.
 You were bare handed.
 You were unskilled in bare handed combat.
 You weren't wearing any armor.

Final Attributes:
 You were piously aligned.
 You were cold resistant.
 You had infravision.
 You were stealthy.
 You are dead.

Miscellaneous:
 You didn't encounter any bones levels.
 Total elapsed playing time was 1 hour, 45 minutes and 8 seconds.

Major events:
 Turn
    1: 182320070181818 the lawful dwarven Valkyrie entered the dungeon
 1091: attained the rank of Skirmisher (level 3)
 1991: entered the Gnomish Mines
 2460: killed by an elf zombie

You didn't know any spells.

Skills:
 Fighting Skills
   bare handed combat [Unskilled]
   two weapon combat  [Unskilled]
   riding             [Unskilled]
 Weapon Skills
   dagger             [Basic]
   axe                [Unskilled]
   pick-axe           [Unskilled]
   short sword        [Unskilled]
   broadsword         [Unskilled]
   long sword         [Unskilled]
   two-handed sword   [Unskilled]
   saber              [Unskilled]
   hammer             [Unskilled]
   quarterstaff       [Unskilled]
   polearms           [Unskilled]
   spear              [Basic]
   trident            [Unskilled]
   lance              [Unskilled]
   sling              [Unskilled]
 Spellcasting Skills
   attack spells      [Unskilled]
   escape spells      [Unskilled]

Voluntary challenges:
 Character rerolling was not enabled.
 You followed a strict vegan diet.
 You were an atheist.
 You never genocided any monsters.
 You never polymorphed an object.
 You never changed form.
 You used no wishes.
Achievements:
 You attained the rank of Skirmisher.
 You entered the Gnomish Mines.

 The Dungeons of Doom: levels 1 to 4
    Level 1:
       A sink.
    Level 2:
    Level 3:
    Level 4:
       Some fountains, a sink.
       Stairs down to The Gnomish Mines.
 The Gnomish Mines:
    Level 5: <- You were here.
       Final resting place for
          you, killed by an elf zombie.


Vanquished creatures:
  a kobold shaman
 an iguana
  a green mold
  4 gnomes
  a gecko
  7 jackals
  a fox
  4 goblins
  3 sewer rats
  3 grid bugs
  2 lichens
  a kobold zombie
  7 newts
36 creatures vanquished.

No species were genocided or became extinct.

Game over:
                       ----------
                      /          \
                     /    REST    \
                    /      IN      \
                   /     PEACE      \
                  /                  \
                  | 182320070181818  |
                  |      68 Au       |
                  | killed by an elf |
                  |      zombie      |
                  |                  |
                  |                  |
                  |       2026       |
                 *|     *  *  *      | *
        _________)/\\_//(\/(/\)/\//\/|_)_______

Farvel 182320070181818 the Valkyrie...

You died in The Gnomish Mines on dungeon level 5 with 534 points,
and 68 pieces of gold, after 2460 moves.
You were level 3 with a maximum of 38 hit points when you died.

